 Dungeon Crawl Stone Soup version 0.25.1-2-g60ff931df9 (webtiles) character file.

Game seed: 1754103340899841878

172 Johnny the Chiller (level 5, 0/38 HPs)
             Began as a Demigod Ice Elementalist on Aug 24, 2020.
             Slain by an orc wizard
             ... wielding a +0 dagger
              (5 damage)
             ... on level 3 of the Dungeon.
             The game lasted 00:03:01 (4106 turns).

Johnny the Chiller (Demigod Ice Elementalist)       Turns: 4106, Time: 00:03:02

Health: 0/38       AC:  2    Str: 11    XL:     5   Next: 5%
Magic:  6/12       EV: 12    Int: 21    God:
Gold:   84         SH:  0    Dex: 16    Spells: 6/10 levels left

rFire    . . .     SeeInvis .   q - +0 flail (venom)
rCold    . . .     Gourm    .   (no shield)
rNeg     . . .     Faith    .   a - +0 robe
rPois    .         Spirit   .   (no helmet)
rElec    .         Reflect  .   (no cloak)
rCorr    .         Harm     .   (no gloves)
MR       .....                  (no boots)
Stlth    ++........             (no amulet)
HPRegen  0.12/turn              (no ring)
MPRegen  0.13/turn              (no ring)

@: very slightly contaminated
A: high mp 1
a: no special abilities


You were on level 3 of the Dungeon.
You were hungry.

You visited 1 branch of the dungeon, and saw 3 of its levels.

You collected 84 gold pieces.

Inventory:

Hand Weapons
 q - a +0 flail of venom (weapon)
Armour
 a - a +0 robe (worn)
Jewellery
 m - a +6 ring of dexterity {unknown}
 p - an uncursed amulet of regeneration
Scrolls
 b - 4 scrolls of identify {unknown}
 e - 3 scrolls of teleportation {unknown}
 f - 2 scrolls of enchant armour {unknown}
 g - a scroll of fear {unknown}
 i - a scroll of blinking {unknown}
 k - 2 scrolls of remove curse {unknown}
 n - a scroll of immolation {unknown}
 o - a scroll of enchant weapon {unknown}
Potions
 j - a potion of resistance {unknown}
 l - a potion of berserk rage {unknown}
Comestibles
 c - 6 rations
 d - a chunk of flesh


   Skills:
 - Level 1.7 Dodging
 - Level 1.7 Stealth
 + Level 3.0 Spellcasting
 * Level 5.3 Ice Magic


You had 6 spell levels left.
You knew the following spells:

 Your Spells              Type           Power        Failure   Level  Hunger
a - Freeze                Ice            ####         1%          1    None
b - Frozen Ramparts       Ice            ####..       4%          3    ###....

Your spell library contained the following spells:

 Spells                   Type           Power        Failure   Level  Hunger
 Ozocubu's Armour         Chrm/Ice       ##......     13%         3    ###....
 Hailstorm                Conj/Ice       ##......     41%         4    ####...
 Summon Ice Beast         Ice/Summ       ##......     41%         4    ####...


Dungeon Overview and Level Annotations

Branches:
Dungeon (3/15)


Innate Abilities, Weirdness & Mutations

You have an increased reservoir of magic. (+10% MP)


Message History

* * * LOW HITPOINT WARNING * * *
You closely miss something. Something hits you.
* * * LOW HITPOINT WARNING * * *
It was a potion of curing.
You feel better. Something hits you.
You hit something. Something hits you.
* * * LOW HITPOINT WARNING * * *
Something hits you.
* * * LOW HITPOINT WARNING * * *
Casting: Freeze (safe; 1% risk of failure)
Confirm with . or Enter, or press ? or * to list all spells.
You can't see any susceptible monsters within range! (Use Z to cast anyway.) Unknown command.
Casting: Freeze (safe; 1% risk of failure)
Confirm with . or Enter, or press ? or * to list all spells.
You miscast Frozen Ramparts.
You are very lightly contaminated with residual magic.
Nothing appears to happen.
You are feeling hungry.
Something hits you.
You die...

#.....#
#.....#
#.....#
#.....#
#.....#
#.....#
+.....#
#.....#
#....@#
#####.#
########)#
...o[o().#
##########


There were no monsters in sight!

Vanquished Creatures
  2 orc priests
  2 adders (D:2)
  2 worms (D:3)
  4 dart slugs
  2 leopard geckos
  10 orcs
  4 bats
  4 giant cockroaches
  7 goblins
  9 hobgoblins
  3 jackals
  3 kobolds
  2 quokkas (D:2)
  5 frilled lizards
  6 rats
65 creatures vanquished.

Notes
Turn   | Place    | Note
-------+----------+-------------------------------------------
     0 | D:1      | Johnny the Demigod Ice Elementalist began the quest for the
                  | Orb.
     0 | D:1      | Reached XP level 1. HP: 14/14 MP: 5/5
   724 | D:1      | Reached skill level 4 in Ice Magic
   724 | D:1      | Reached XP level 2. HP: 15/20 MP: 2/7
  1935 | D:2      | Reached XP level 3. HP: 21/26 MP: 6/9
  2408 | D:1      | Learned a level 3 spell: Frozen Ramparts
  2417 | D:2      | Reached XP level 4. HP: 16/33 MP: 3/10
  3187 | D:2      | Reached skill level 5 in Ice Magic
  4098 | D:3      | Reached XP level 5. HP: 9/38 MP: 8/12
  4106 | D:3      | Slain by an orc wizard

Illustrated notes

Levels and vault maps discovered:
D:1:      wander_arrival_peaceful_grave, layout_basic
D:2:      layout_loops_ring
D:3:      layout_basic

Skill      XL: |  1  2  3  4 |
---------------+-------------+-----
Spellcasting   | 2 3 |  3.0
Ice Magic      | 4 5 |  5.3
Dodging        | |  1.7
Stealth        | |  1.7

Action                   |  1- 3 |  4- 6 || total
-------------------------+-------+-------++-------
Melee: Unarmed           |    29 |    30 ||    59
       Flail             |       |     7 ||     7
 Cast: Freeze            |    56 |    25 ||    81
       Frozen Ramparts   |     1 |     3 ||     4
  Use: Potion            |       |     1 ||     1
 Stab: Sleeping          |     2 |     2 ||     4
       Distracted        |       |     2 ||     2
  Eat: Chunk             |     4 |     6 ||    10
Armor: Robe              |    17 |     7 ||    24
Dodge: Dodged            |    50 |    25 ||    75
